 Dungeon Crawl Stone Soup version 0.27-a0-3-gcf006a40f5 (webtiles) character file.

Game seed: 8940749690784329224

38 teolandon225 the Chopper (level 3, 0/33 HPs)
             Began as a Minotaur Berserker on Jan 1, 2021.
             Was a Follower of Trog.
             Slain by a gnoll
             ... wielding a +0 halberd
              (2 damage)
             ... on level 2 of the Dungeon.
             The game lasted 00:01:12 (1029 turns).

teolandon225 the Chopper (Minotaur Berserker)       Turns: 1029, Time: 00:01:13

Health: 0/33       AC:  3    Str: 22    XL:     3   Next: 25%
Magic:  2/2        EV: 12    Int:  4    God:    Trog [*.....]
Gold:   73         SH:  0    Dex:  9    Spells: 2/2 levels left

rFire    . . .     SeeInvis .   a - +0 hand axe
rCold    . . .     Faith    .   (no shield)
rNeg     . . .     Spirit   .   b - +0 animal skin
rPois    .         Reflect  .   (helmet restricted)
rElec    .         Harm     .   (no cloak)
rCorr    .         Rampage  .   d - +0 pair of gloves
Will     .....                  (no boots)
Stlth    +.........             (no amulet)
HPRegen  0.11/turn              (no ring)
MPRegen  0.08/turn              (no ring)

@: no status effects
A: retaliatory headbutt, horns 2
a: Renounce Religion, Berserk


You were on level 2 of the Dungeon.
You worshipped Trog.
Trog was aware of your devotion.
You visited 1 branch of the dungeon, and saw 2 of its levels.

You collected 73 gold pieces.

Inventory:

Hand Weapons
 a - a +0 hand axe (weapon)
Armour
 b - a +0 animal skin (worn)
 d - a +0 pair of gloves (worn)
Jewellery
 g - a cursed ring of attention {unknown}
 j - an uncursed ring of flight {unknown}
 l - an uncursed amulet of faith {unknown}
Wands
 m - a wand of acid (12)
Scrolls
 f - 3 scrolls of identify {unknown}
 k - a scroll of teleportation {unknown}
Potions
 c - a potion of heal wounds {unknown}
 e - a potion of invisibility {unknown}
 h - a potion of curing {unknown}
 i - 2 potions of might {unknown}
 n - a potion of degeneration {unknown}


   Skills:
 + Level 4.0 Fighting
 * Level 4.2 Axes
 + Level 3.0 Armour
 + Level 2.7 Dodging


You had 2 spell levels left.
You didn't know any spells.
Your spell library was empty.

Dungeon Overview and Level Annotations

Branches:
Dungeon (2/15)

Altars:
Elyvilon


Innate Abilities, Weirdness & Mutations

You reflexively headbutt those who attack you in melee.
You have a pair of horns on your head.


Message History

You hit the gnoll.
The gnoll is severely wounded.
The gnoll misses you.
The gnoll hits you from afar with a +0 halberd!
You hit the gnoll.
The gnoll is severely wounded.
The gnoll closely misses you. The gnoll barely misses you.
You hit the gnoll but do no damage. Your headbutt misses the gnoll.
The gnoll is severely wounded.
The gnoll barely misses you. The gnoll hits you.
You closely miss the gnoll. Your headbutt misses the gnoll.
You barely miss the gnoll. The gnoll hits you with a +0 halberd!
* * * LOW HITPOINT WARNING * * *
The gnoll hits you.
* * * LOW HITPOINT WARNING * * *
You hit the gnoll but do no damage. You hit the gnoll. The gnoll hits you.
* * * LOW HITPOINT WARNING * * *
The gnoll hits you with a +0 halberd.
You die...

#.#.###....#######.##
## #.# #.#.## #.## .
..# #.### #.## #.##
#.# #.## ##.#####.#
#.## ###.....(..#####
#.## [[.............#
.. # ##...g.######.#
# #.###@# #.#### #g#
#..... #.# ###### #.#
# #.# # #.# # #.# #
#.# . #


You could see 2 gnolls.

Vanquished Creatures
  A gnoll (D:2)
  An adder (D:2)
  A dart slug (D:2)
  A ball python (D:1)
  2 goblins
  2 hobgoblins
  A quokka (D:2)
  A bat (D:1)
  3 frilled lizards
  4 kobolds
  2 rats (D:1)
19 creatures vanquished.

Notes
Turn   | Place    | Note
-------+----------+-------------------------------------------
     0 | D:1      | teolandon225 the Minotaur Berserker began the quest for the
                  | Orb.
     0 | D:1      | Reached XP level 1. HP: 19/19 MP: 0/0
   496 | D:1      | Reached XP level 2. HP: 27/27 MP: 1/1
   865 | D:2      | Found a white marble altar of Elyvilon.
   996 | D:2      | Reached XP level 3. HP: 33/33 MP: 2/2
  1029 | D:2      | Slain by a gnoll

Illustrated notes

Levels and vault maps discovered:
D:1:      zaba_arrival_water, layout_loops_corners
D:2:      layout_loops_ring, lemuel_round_altar, serial_park_tiny_2,
          minmay_misc_feat_iff

Skill      XL: |  1  2  3 |
---------------+----------+-----
Axes           | 4 |  4.2
Fighting       | 4 |  4.0
Armour         | 3 |  3.0
Dodging        | |  2.7

Action                   || total
-------------------------++-------
Melee: Hand axe          ||    48
       Headbutt          ||     2
Armor: Animal skin       ||    16
Dodge: Dodged            ||    44

Table legend: (Time is in decaauts)
 A = Elapsed time spent in this place.
 B = Non-inter-level travel time spent in this place.
 C = Inter-level travel time spent in this place.
 D = Time resting spent in this place.
 E = Time spent auto-exploring this place.
 F = Levels seen in this place.
 G = Mean time per level.
                   A        B        C        D        E       F      G
               +--------+--------+--------+--------+--------+-----+--------+
         Total |   1041 |   1010 |     31 |      0 |    869 |   2 |  520.5 |
       Dungeon |   1041 |   1010 |     31 |      0 |    869 |   2 |  520.5 |
               +--------+--------+--------+--------+--------+-----+--------+

Top non-repeatable levels by time:
     D:1: 797 daAuts
     D:2: 243 daAuts
